 Dungeon Crawl Stone Soup version 0.28.0-62-gf88900778d (webtiles) character file.

Game seed: 9848291143376539342

129 cbfl8 the Chopper (level 5, -3/70 HPs)
             Began as a Hill Orc Berserker on Aug 25, 2023.
             Was a Believer of Trog.
             Slain by an ogre
             ... wielding a +0 giant club
              (12 damage)
             ... on level 3 of the Dungeon.
             The game lasted 00:02:06 (2729 turns).

cbfl8 the Chopper (Hill Orc Berserker)              Turns: 2729, Time: 00:02:07

Health: -3/70      AC:  9    Str: 20    XL:     5   Next: 12%
Magic:  5/5        EV:  8    Int:  7    God:    Trog [**....]
Gold:   50         SH:  0    Dex: 12    Spells: 4/4 levels left

rFire   . . .      SeeInvis .   a - +0 hand axe
rCold   + . .      Faith    .   (no shield)
rNeg    . . .      Spirit   .   i - +0 chain mail
rPois   .          Reflect  .   (no helmet)
rElec   .          Harm     .   (no cloak)
rCorr   .          Rampage  .   (no gloves)
Will    .....                   (no boots)
Stlth   ..........              (no amulet)
HPRegen 0.21/turn               f - ring of protection from cold
MPRegen 0.09/turn               (no ring)

@: berserking, very quick
A: no striking features
a: Renounce Religion, Berserk, Trog's Hand


You were on level 3 of the Dungeon.
You worshipped Trog.
Trog was pleased with you.
You visited 1 branch of the dungeon, and saw 3 of its levels.

You collected 50 gold pieces.

Inventory:

Hand Weapons
 a - a +0 hand axe (weapon)
Armour
 i - a +0 chain mail (worn)
Jewellery
 f - a ring of protection from cold (left hand)
Scrolls
 b - a scroll of vulnerability {unknown}
 e - a scroll of enchant armour {unknown}
 g - a scroll of identify {unknown}
Potions
 c - a potion of resistance {unknown}
 d - a potion of curing {unknown}


   Skills:
 + Level 4.4 Fighting
 + Level 5.4 Axes
 + Level 3.0 Armour
 - Level 1.5 Dodging
 + Level 0.8 Stealth
 * Level 1.8 Evocations


You had 4 spell levels left.
You didn't know any spells.
Your spell library was empty.

Dungeon Overview and Level Annotations

Branches:
Dungeon (3/15)

Altars:
Makhleb


Message History

Trog accepts your kill. Natasha casts a spell at you. The magic dart hits you!
You miss Natasha. You punch Natasha.
Natasha is moderately wounded.
Natasha hisses.
Natasha claws you but does no damage.
Unknown command.
A red film seems to cover your vision as you go berserk!
You feel yourself moving faster!
You feel mighty! Natasha claws you.
You slash Natasha!
Natasha is almost dead.
You hit the ogre.
The ogre hits you with a +0 giant club!!
Unknown command.
You are too injured to fight recklessly!
Unknown command.
You are too injured to fight recklessly!
Unknown command.
You are too injured to fight recklessly!
Unknown command.
You slash Natasha!
You kill Natasha!
Trog accepts your kill.
Trog appreciates your killing of a magic user.
Natasha growls in agony!
You slash the ogre!
Your Armour skill increases to level 3!
You have reached level 5!
You feel stronger.
You slash the ogre!
The ogre is almost dead.
The ogre hits you with a +0 giant club!!
* * * LOW HITPOINT WARNING * * *
You barely miss the ogre.
The ogre is almost dead.
You completely miss the ogre.
The ogre is almost dead.
The ogre hits you with a +0 giant club!
You die...

#.#
#.....########.#
#.#
#..............#
#...........####
#...........#
#.##........#
#...........#
#...........#
...#...........#
........@.#######
###.....O)#
#.........
#...........
#.............
###+####......
...... ......


You could see an ogre.

Vanquished Creatures
  Natasha (D:3)
  6 adders
  2 worms (D:2)
  4 ball pythons (D:1)
  6 bats
  2 endoplasms (D:2)
  2 giant cockroaches (D:1)
  2 hobgoblins
  5 jackals (D:1)
  2 kobolds (D:2)
  2 quokkas
  3 frilled lizards
  4 goblins
  5 rats
46 creatures vanquished.

Notes
Turn   | Place    | Note
-------+----------+-------------------------------------------
     0 | D:1      | cbfl8 the Hill Orc Berserker began the quest for the Orb.
     0 | D:1      | Reached XP level 1. HP: 19/19 MP: 1/1
   190 | D:1      | Reached XP level 2. HP: 26/26 MP: 2/2
  1051 | D:2      | Reached XP level 3. HP: 16/33 MP: 3/3
  1351 | D:2      | Reached ** piety under Trog
  1357 | D:2      | Reached skill level 1 in Evocations
  1543 | D:2      | Found a burning altar of Makhleb.
  1759 | D:2      | Reached skill level 5 in Axes
  1759 | D:2      | Reached XP level 4. HP: 40/40 MP: 4/4
  2719 | D:3      | Noticed Natasha
  2720 | D:3      | Noticed an ogre
  2726 | D:3      | Killed Natasha
  2727 | D:3      | Reached XP level 5. HP: 34/47 MP: 5/5
  2729 | D:3      | Slain by an ogre

Illustrated notes

Levels and vault maps discovered:
D:1:      beargit_arrival_greenhouse, layout_basic
D:2:      layout_basic, basic_altar, grunt_ministairs_7
D:3:      layout_basic, hellmonk_ecumenical_altar_defaced_shrine, uniq_jessica,
          uniq_natasha

Skill      XL: |  1  2  3  4 |
---------------+-------------+-----
Fighting       | 4 |  4.4
Evocations     | 1 |  1.8
Axes           | 5 |  5.4
Armour         | 3 |  3.0
Dodging        | |  1.5
Stealth        | |  0.8

Action                   |  1- 3 |  4- 6 || total
-------------------------+-------+-------++-------
Melee: Hand axe          |   113 |    54 ||   167
       Punch             |       |     3 ||     3
Invok: Berserk           |       |     1 ||     1
  Use: Scroll            |       |     1 ||     1
 Stab: Sleeping          |     1 |       ||     1
Armor: Animal skin       |    43 |       ||    43
       Ring mail         |    17 |    27 ||    44
       Chain mail        |       |     1 ||     1
Dodge: Dodged            |   112 |    28 ||   140
